 Dungeon Crawl Stone Soup version 0.24.0-125-gc4c63601f3 (webtiles) character file.

Game seed: 6239443474977501323, levelgen mode: deterministic

151 Curus the Insei (level 5, -4/38 HPs)
             Began as a Demonspawn Gladiator on Mar 14, 2020.
             Slain by a gnoll (6 damage)
             ... on level 3 of the Dungeon.
             The game lasted 00:11:48 (1731 turns).

Curus the Insei (Demonspawn Gladiator)              Turns: 1731, Time: 00:11:49

Health: -4/38      AC:  3    Str: 14    XL:     5   Next: 10%
Magic:  5/5        EV: 12    Int: 10    God:
Gold:   132        SH:  0    Dex: 15    Spells: 4/4 levels left

rFire    . . .     SeeInvis .     - Unarmed
rCold    . . .     Gourm    .   (no shield)
rNeg     . . .     Faith    .   b - +0 leather armour
rPois    .         Spirit   .   (helmet restricted)
rElec    .         Reflect  .   (no cloak)
rCorr    .         Harm     +   (no gloves)
MR       .....                  (no boots)
Stlth    +.........             j - amulet of harm
HPRegen  0.12/turn              (no ring)
MPRegen  0.09/turn              (no ring)

@: no status effects
A: antennae 1, hooves 1, powered by death 1, wild magic 1, MP-powered wands
a: no special abilities


You were on level 3 of the Dungeon.
You were hungry.

You visited 1 branch of the dungeon, and saw 3 of its levels.

You collected 132 gold pieces.

Inventory:

Hand Weapons
 a - a +0 quarterstaff
Missiles
 d - 3 throwing nets (quivered)
Armour
 b - a +0 leather armour (worn)
 c - a +0 helmet
 m - a +1 helmet
Jewellery
 i - an uncursed ring of teleportation
 j - an amulet of harm (around neck)
Wands
 h - a wand of random effects (24)
 l - a wand of flame (16)
Scrolls
 e - 3 scrolls of identify
 k - a scroll of magic mapping
 o - a scroll of teleportation
Potions
 g - a potion of curing
 n - a potion of flight
Comestibles
 f - 7 rations


   Skills:
 - Level 2.0 Fighting
 - Level 3.2 Staves
 - Level 1.7 Throwing
 - Level 2.6 Dodging
 + Level 4.0 Unarmed Combat


You had 4 spell levels left.
You didn't know any spells.
Your spell library was empty.

Dungeon Overview and Level Annotations

Branches:
Dungeon (3/15)

Altars:
Makhleb


Innate Abilities, Weirdness & Mutations

You have a pair of small antennae on your head.
You have large cloven feet.
You regenerate a little health from kills.
Your spells are a little harder to cast, but a little more powerful.
You expend magic power (3 MP) to strengthen your wands.


Message History

You hit the gnoll but do no damage. Your kick misses the gnoll.
The gnoll is lightly wounded.
The gnoll hits you.
* * * LOW HITPOINT WARNING * * *
The gnoll hits you but does no damage.
You barely miss the gnoll.
The gnoll is lightly wounded.
The gnoll closely misses you.
The gnoll hits you from afar with a +0 spear.
* * * LOW HITPOINT WARNING * * *
You hit the gnoll.
The gnoll is moderately wounded.
The gnoll hits you.
* * * LOW HITPOINT WARNING * * *
You hit the gnoll. Your kick misses the gnoll.
The gnoll is almost dead.
The gnoll hits you from afar with a +0 spear.
* * * LOW HITPOINT WARNING * * *
The gnoll hits you.
You die...

........ #.# ........
#.# #......## #.#
##......# #.#
##.###..#### #.##
....##..((.# #..#
....##..(#.# ##.#
#...##.#...# #.#
.....(.....## #@#
....(.......####g#
...........g..##g#####
..).............g....##
......................##
......(................#
......(........(.......#
.......................#
....#..................#


You could see 3 gnolls.

Vanquished Creatures
  A hound (D:2)
  Jessica (D:2)
  2 adders (D:3)
  An ooze (D:1)
  2 worms (D:2)
  4 leopard geckos
  4 orcs (D:3)
  2 ball pythons
  5 bats
  4 giant cockroaches
  4 goblins
  7 hobgoblins
  7 frilled lizards
  9 kobolds
  9 rats
62 creatures vanquished.

Notes
Turn   | Place    | Note
-------+----------+-------------------------------------------
     0 | D:1      | Curus the Demonspawn Gladiator began the quest for the Orb.
     0 | D:1      | Reached XP level 1. HP: 16/16 MP: 1/1
   105 | D:1      | Gained mutation: You have large cloven feet. [demonic
                  | ancestry]
   105 | D:1      | Reached XP level 2. HP: 7/22 MP: 2/2
   597 | D:1      | Reached skill level 1 in Unarmed Combat
   999 | D:2      | Noticed Jessica
  1005 | D:2      | Killed Jessica
  1005 | D:2      | Reached skill level 2 in Unarmed Combat
  1005 | D:2      | Gained mutation: You regenerate a little health from kills.
                  | [demonic ancestry]
  1005 | D:2      | Reached XP level 3. HP: 27/27 MP: 3/3
  1045 | D:2      | Reached XP level 4. HP: 16/33 MP: 4/4
  1069 | D:2      | Gained mutation: Your spells are a little harder to cast,
                  | but a little more powerful. [potion of mutation]
  1069 | D:2      | Gained mutation: You expend magic power (3 MP) to
                  | strengthen your wands. [potion of mutation]
  1195 | D:2      | Found a burning altar of Makhleb.
  1210 | D:2      | Reached skill level 3 in Unarmed Combat
  1583 | D:3      | Gained mutation: You have a pair of small antennae on your
                  | head. [demonic ancestry]
  1583 | D:3      | Reached XP level 5. HP: 28/38 MP: 5/5
  1726 | D:3      | Reached skill level 4 in Unarmed Combat
  1731 | D:3      | Slain by a gnoll

Levels and vault maps discovered:
D:1:      dpeg_arrival_stonehenge_8_columns, layout_basic, serial_bayou_lagoon_a
D:2:      minmay_evil_eye, layout_rooms, makhleb_heckhound_becter, st_stairs_14,
          uniq_jessica
D:3:      layout_rooms, serial_park_tiny_2, uniq_sigmund

Skill      XL: |  1  2  3  4  5 |
---------------+----------------+-----
Staves         | 3 |  3.2
Unarmed Combat | 2 3 4 |  4.0
Fighting       | |  2.0
Throwing       | |  1.7
Dodging        | |  2.6

Action                   |  1- 3 |  4- 6 || total
-------------------------+-------+-------++-------
Melee: Quarterstaff      |    79 |    59 ||   138
       Kick              |    15 |    18 ||    33
       Unarmed           |       |    48 ||    48
  Use: Scroll            |     6 |     1 ||     7
       Potion            |       |     5 ||     5
  Eat: Chunk             |       |     2 ||     2
Armor: Leather armour    |    34 |    34 ||    68
Dodge: Dodged            |    46 |    93 ||   139
